 Dungeon Crawl Stone Soup version 0.30-a0-937-ga0a21ad780 (webtiles) character file.

Game seed: 2730091156868377553

11437 shadizar the Fighter (level 11, 0/95 HPs)
             Began as a Demigod Hunter on Mar 24, 2023.
             Succumbed to a cane toad's poison
             ... on level 1 of the Lair of Beasts.
             The game lasted 00:38:01 (11568 turns).

shadizar the Fighter (Demigod Hunter)              Turns: 11568, Time: 00:38:01

Health: 0/95       AC: 25    Str: 12    XL:     11   Next: 25%
Magic:  14/14      EV: 10    Int: 14    God:
Gold:   441        SH:  0    Dex: 29    Spells: 10/10 levels left

rFire   + . .      SeeInvis .    a - +2 shortbow (freeze)
rCold   . . .      Faith    .    (shield currently unavailable)
rNeg    + . .      Spirit   .    c - +6 chain mail "Ekkeuthronno" {rN+}
rPois   .          Reflect  .    G - +2 helmet {Int+3}
rElec   .          Rampage  .    (no cloak)
rCorr   .                        g - +2 pair of gloves
Will    ++...                    h - +1 pair of boots
Stlth   ++                       (no amulet)
HPRegen 0.35/turn                H - ring of protection from fire
MPRegen 0.14/turn                K - ring of willpower

@: lethally poisoned (0 -> -12)
A: high MP 1, forlorn, divine attributes
a: no special abilities


You were on level 1 of the Lair of Beasts.
You visited 3 branches of the dungeon, and saw 12 of its levels.
You also visited: Ossuary and Bailey.

You collected 583 gold pieces.
You spent 142 gold pieces at shops.

Inventory:

Hand Weapons
 a - a +2 shortbow of freezing (weapon)
 v - the +8 dagger of Dithmenos's Envy {freeze, *Corrode rElec Will+ Str+3}
   (You found it on level 3 of the Dungeon)

   Str:       It affects your strength (+3).
   rElec:     It insulates you from electricity.
   *Corrode:  It may corrode you when you take damage.
   Will:      It increases your willpower.
 B - the +8 flail of Mivaint {spect, rCorr MP+9 Int+3 SInv}
   (You found it on level 4 of the Dungeon)

   Int:       It affects your intelligence (+3).
   MP:        It affects your magic capacity (+9).
   SInv:      It lets you see invisible.
   rCorr:     It protects you from acid and corrosion.
 J - the +5 sling "Kyunetah" {flame, rF- rN+ Dex+4}
   (You found it in a bailey)

   Dex:       It affects your dexterity (+4).
   rF:        It makes you vulnerable to fire.
   rN:        It protects you from negative energy.
Armour
 c - the +6 chain mail "Ekkeuthronno" (worn) {rN+}
   (You found it on level 6 of the Dungeon)

   rN:        It protects you from negative energy.
 g - a +2 pair of gloves (worn)
 h - a +1 pair of boots (worn)
 y - a +4 chain mail of fire resistance
 G - a +2 helmet of intelligence (worn)
 M - a +0 crystal plate armour
Magical Staves
 s - a staff of air
 C - a staff of fire
Jewellery
 H - a ring of protection from fire (left hand)
 I - a ring of magical power
 K - a ring of willpower (right hand)
Wands
 j - a wand of flame (26)
 o - a wand of quicksilver (13)
 E - a wand of roots (11)
 F - a wand of paralysis (21)
Scrolls
 b - a scroll of blinking
 e - 4 scrolls of brand weapon
 i - a scroll of magic mapping
 k - a scroll of fear
 n - 4 scrolls of teleportation
Potions
 d - 2 potions of berserk rage
 f - 3 potions of heal wounds
 l - 4 potions of ambrosia
 m - 8 potions of curing
 q - 6 potions of cancellation
 r - 4 potions of resistance {unknown}
 t - a potion of brilliance {unknown}
 u - 3 potions of lignification
 w - a potion of flight {unknown}
 x - 4 potions of haste {unknown}
 z - 2 potions of invisibility {unknown}
 D - a potion of attraction {unknown}
 O - 3 potions of might {unknown}


   Skills:
 * Level 8.8 Fighting
 + Level 4.4 Short Blades
 + Level 7.9 Ranged Weapons
 + Level 6.5 Armour
 + Level 7.3 Dodging
 + Level 7.7 Stealth


You had 10 spell levels left.
You didn't know any spells.
Your spell library contained the following spells:

 Spells                   Type           Power      Damage    Failure   Level
 Beastly Appendage        Tmut           0%         N/A       100%        1
 Foxfire                  Conj/Fire      0%         2x1d4     100%        1
 Kiss of Death            Conj/Necr      0%         2d5       100%        1
 Ensorcelled Hibernation  Hex/Ice        0%         N/A       100%        2
 Passwall                 Tmut/Erth      0%         N/A       100%        2
 Scorch                   Fire           0%         2d5       100%        2
 Sublimation of Blood     Necr           0%         N/A       100%        2
 Wereblood                Tmut           0%         N/A       100%        2
 Confusing Touch          Hex            0%         N/A       100%        3
 Spider Form              Tmut/Pois      0%         N/A       100%        3
 Swiftness                Air            0%         N/A       100%        3
 Airstrike                Air            0%         2d(0-16)  100%        4
 Anguish                  Hex/Necr       0%         N/A       100%        4
 Dispel Undead            Necr           0%         3d6       100%        4
 Flame Wave               Conj/Fire      0%         2d4       100%        4
 Passage of Golubria      Tloc           0%         N/A       100%        4
 Summon Lightning Spire   Summ/Air       0%         N/A       100%        4
 Fireball                 Conj/Fire      0%         3d3       100%        5
 Silence                  Hex/Air        0%         N/A       100%        5
 Starburst                Conj/Fire      0%         6d3       100%        6
 Summon Cactus Giant      Summ           0%         N/A       100%        6
 Enfeeble                 Hex            0%         N/A       100%        7
 Storm Form               Tmut/Air       0%         N/A       100%        7
 Summon Hydra             Summ           0%         N/A       100%        7
 Lehudib's Crystal Spear  Conj/Erth      0%         10d2      100%        8
 Maxwell's Capacitive Co  Air            0%         ∞         100%        8


Dungeon Overview and Level Annotations

Branches:
Dungeon (10/15)            Temple (1/1) D:6            Lair (1/5) D:10
Ossuary (visited)          Bailey (visited)
    Orc: D:9-12

Shops:
D:1 =(   D:3 *   D:4 [   D:7 *(!

Annotations:
D:3 2 transporters, CoolSool's ghost, amateur MiHu


Innate Abilities, Weirdness & Mutations

You have an increased reservoir of magic. (+10% MP)
You shall have no god before yourself.
Your divine heritage dramatically boosts your attributes as you level up.


Message History

The cane toad is moderately wounded.
The cane toad is no longer moving slowly.
You shoot an arrow. The arrow hits the cane toad!
The arrow freezes the cane toad.
The cane toad is heavily wounded.
The electric eel shoots out a bolt of lightning at you!
The bolt of electricity hits you but does no damage.
The electric eel shoots out a bolt of lightning at you!
The bolt of electricity hits you.
A boulder beetle comes into view.
Unknown command.
Unknown command.
Unknown command.
Unknown command.
You shoot an arrow.
The arrow hits the cane toad but does no damage.
The cane toad is heavily wounded.
The cane toad stings you.
You are poisoned.
The cane toad poisons you!
The boulder beetle curls into a ball and begins rolling!
The cane toad stings you!
You are more poisoned.
The cane toad poisons you!
Unknown command.
Unknown command.
You shoot an arrow. The arrow hits the cane toad.
The cane toad seems to slow down.
The arrow freezes the cane toad.
The cane toad is heavily wounded.
You feel extremely sick. The cane toad stings you!
Unknown command.
You feel very sick.
You feel very sick.
You feel very sick.
The boulder beetle attacks as you move away!
The boulder beetle hits you!!
* * * LOW HITPOINT WARNING * * *
The boulder beetle stops rolling and uncurls.
You die...

#...###..#......!~.~.~~~...#
###..# # ....~~~...~...#
#..## ..~~.~.....# ##..#
#.♣......## #.#####
#....°#### ####+.##.###
#..F°..P# #..........#
#..B...## #..........#
###.......#
+..........###.+@.....##
#..........'...#.......#
#(.........##.#.......##
#.#################.### ##
###


You could see a boulder beetle and a cane toad (slow).

Vanquished Creatures
  3 two-headed ogres
  Pikel (D:5)
  A cane toad (Lair:1)
  A komodo dragon (Lair:1)
  A polar bear (Lair:1)
  A troll (D:10)
  Grinder (D:6)
  Prince Ribbit (D:5)
  7 spriggans (Bailey)
  11 yaks (D:10)
  A vampire (D:10)
  3 wyverns
  A basilisk (Lair:1)
  A steam dragon (D:9)
  Edmund (D:6)
  2 acid dragons
  5 water moccasins
  4 orc warriors
  2 sky beasts
  3 ice beasts
  A black bear (D:6)
  7 ogres
  5 centaurs
  A kobold brigand (D:8)
  3 bullfrogs
  5 scorpions
  3 wights (D:8)
  3 killer bees (D:10)
  2 centaur zombies (Ossuary)
  A human zombie (Ossuary)
  4 hounds
  5 orc priests
  5 jellies
  An iguana (D:7)
  Ijyb (D:5)
  4 orc wizards
  2 mummies (Ossuary)
  10 adders
  A white imp (D:5)
  3 adder zombies (Ossuary)
  2 worms
  3 dart slugs
  29 orcs
  5 endoplasms
  3 giant cockroaches
  3 goblins
  11 hobgoblins
  A jackal (D:2)
  9 kobolds
  A quokka (D:2)
  7 ball pythons
  6 bats
  4 frilled lizards
  10 hobgoblin zombies (Ossuary)
  13 kobold zombies (Ossuary)
  5 orc zombies (Ossuary)
  7 rats
  3 rat zombies (Ossuary)
240 creatures vanquished.

Vanquished Creatures (others)
  A wizard (D:10)
  4 bushes (D:10)
  7 fungi
  16 plants
28 creatures vanquished.

Grand Total: 268 creatures vanquished

Notes
Turn   | Place    | Note
-------+----------+-------------------------------------------
     0 | D:1      | shadizar the Demigod Hunter began the quest for the Orb.
     0 | D:1      | Reached XP level 1. HP: 17/17 MP: 3/3
    48 | D:1      | Found Tokeoq Nuxae's Jewellery Shoppe.
    71 | D:1      | Reached skill level 1 in Stealth
   167 | D:1      | Reached skill level 2 in Fighting
   200 | D:1      | Reached XP level 2. HP: 24/24 MP: 4/4
   330 | D:1      | Found Subikipu's Antique Weapon Boutique.
   810 | D:2      | Reached XP level 3. HP: 26/29 MP: 5/5
  1235 | D:2      | Reached XP level 4. HP: 33/37 MP: 6/6
  1880 | D:3      | Identified the +8 dagger of Dithmenos's Envy {freeze,
                  | *Corrode rElec Will+ Str+3}
  1882 | D:3      | Found Rurghu Kilau's Assorted Antiques.
  1903 | D:3      | Bought a shiny chain mail for 142 gold pieces
  1972 | D:3      | Found a transporter.
  1976 | D:3      | Noticed a necrophage
  1977 | D:3      | Noticed CoolSool's ghost (amateur MiHu)
  1982 | D:3      | Found a transporter.
  2580 | D:3      | Reached XP level 5. HP: 36/44 MP: 7/7
  2705 | D:4      | Identified the +8 flail of Mivaint {spect, rCorr MP+9 Int+3
                  | SInv}
  2919 | D:4      | Reached skill level 3 in Fighting
  2919 | D:4      | Reached skill level 1 in Short Blades
  3244 | D:4      | Found Qiyla's Antique Armour Boutique.
  3315 | D:5      | Entered Level 5 of the Dungeon
  3332 | D:5      | Noticed a centaur
  3337 | D:5      | Noticed an ice beast
  3340 | D:5      | Killed a centaur
  3341 | D:5      | Reached skill level 1 in Armour
  3341 | D:5      | Reached XP level 6. HP: 42/51 MP: 8/8
  3959 | D:5      | Noticed Prince Ribbit
  3965 | D:5      | Killed Prince Ribbit
  3966 | D:5      | Reached XP level 7. HP: 58/58 MP: 9/9
  4179 | D:5      | Reached skill level 5 in Ranged Weapons
  4328 | D:5      | Reached skill level 4 in Fighting
  4458 | D:5      | Noticed Pikel
  4459 | D:5      | Noticed Ijyb
  4478 | D:5      | Killed Pikel
  4479 | D:5      | Reached XP level 8. HP: 45/67 MP: 10/10
  4488 | D:5      | Killed Ijyb
  5059 | D:6      | Noticed Grinder
  5059 | D:6      | Noticed Edmund
  5193 | D:6      | Identified the +6 chain mail "Ekkeuthronno" {rN+}
  5231 | D:6      | Got the Notes on Maledictive Ceraunoscopy
  5335 | D:6      | Killed Edmund
  5389 | D:6      | Paralysed by Grinder for 3 turns
  5398 | D:6      | Killed Grinder
  5399 | D:6      | Reached skill level 5 in Dodging
  5399 | D:6      | Reached skill level 5 in Stealth
  5596 | D:6      | Found a staircase to the Ecumenical Temple.
  5759 | Temple   | Entered the Ecumenical Temple
  5853 | D:7      | Reached skill level 5 in Fighting
  5854 | D:7      | Found Sauntih's General Store.
  5877 | D:7      | Reached XP level 9. HP: 74/74 MP: 11/11
  5888 | D:7      | Found Huunor's Antique Weapon Shop.
  5952 | D:7      | Found a sand-covered staircase.
  5967 | Ossuary  | Entered an ossuary
  6423 | D:7      | Found Iplugruxt's Distillery.
  8052 | D:9      | Reached skill level 6 in Fighting
  8130 | D:9      | Noticed a two-headed ogre
  8145 | D:9      | Killed a two-headed ogre
  8146 | D:9      | Reached skill level 5 in Armour
  8763 | D:10     | Entered Level 10 of the Dungeon
  8782 | D:10     | Found a flagged portal.
  8810 | Bailey   | Entered a bailey
  8834 | Bailey   | Reached XP level 10. HP: 84/84 MP: 13/13
  8986 | Bailey   | Reached skill level 7 in Fighting
  9329 | Bailey   | Noticed a two-headed ogre
  9506 | Bailey   | Killed a two-headed ogre
  9634 | Bailey   | Identified the +5 sling "Kyunetah" {flame, rF- rN+ Dex+4}
 10029 | D:10     | Noticed a two-headed ogre
 10298 | D:10     | Reached skill level 8 in Fighting
 10558 | D:10     | Found a staircase to the Lair.
 10655 | D:10     | Reached XP level 11. HP: 73/94 MP: 14/14
 10830 | D:10     | Killed a two-headed ogre
 11120 | Lair:1   | Entered Level 1 of the Lair of Beasts
 11560 | Lair:1   | Noticed a boulder beetle
 11568 | Lair:1   | HP: 3/95 [boulder beetle (34)]
 11568 | Lair:1   | Succumbed to a cane toad's poison

Illustrated notes

Levels and vault maps discovered:
D:1:      wheals_arrival_linesprint, layout_loops_ring, serial_shops,
          shop_fountains, shop
D:2:      layout_basic, nrook_campfire, kennysheep_cross_room, minmay_circle_x
D:3:      layout_loops_cross, mainiacjoe_overflow_catwalk,
          gammafunk_temple_overflow_forgotten, gammafunk_ghost_mausoleum,
          serial_shops, nicolae_shop_hallway_plus
D:4:      layout_cave_pools, okawaru_metal_pillars_1_2, serial_shops,
          kennysheep_little_box, kennysheep_diamond
D:5:      layout_basic, mainiacjoe_overflow_boulevard,
          chequers_serial_rivers_large_b, uniq_prince_ribbit1, uniq_ijyb,
          uniq_pikel
D:6:      layout_basic, lemuel_crystal_altar, kennysheep_mini_moat,
          minmay_temple_entry_poolview, minmay_misc_feat_enclosed,
          minmay_misc_feat_cross, uniq_grinder, uniq_edmund
D:7:      layout_rooms, mainiacjoe_overflow_paths, fedhas_altar_1,
          lightli_ossuary_entry_decrepit_ruins, serial_shops, shop_statue,
          nicolae_shop_waterfront, nicolae_shop_hallway_stairs
D:8:      layout_loops_ring, lemuel_round_altar, kennysheep_pointless_box
D:9:      layout_basic, lemuel_round_altar,
          mainiacjoe_overflow_concentric_impassable
D:10:     layout_roguey, trog_wizard, minmay_lair_entry_grove, enter_bailey_1
Temple:   nicolae_temple_ecumenical_triangle
Lair:1:   layout_roguey, nicolae_quartered_pool_little, minivault_23

Skill      XL: |  1  2  3  4  5  6  7  8  9 10 |
---------------+-------------------------------+-----
Stealth        | 1 2 3 4 5 6 7 |  7.7
Fighting       | 2 3 4 5 6 8 |  8.8
Dodging        | 2 3 4 5 6 7 |  7.3
Ranged Weapons | 4 5 6 7 |  7.9
Short Blades   | 1 2 3 4 |  4.4
Armour         | 1 2 3 4 5 6 |  6.5

Action                     |  1- 3 |  4- 6 |  7- 9 | 10-12 || total
---------------------------+-------+-------+-------+-------++-------
  Melee: Dagger            |       |    20 |    95 |   113 ||   228
         Punch             |       |       |     3 |     1 ||     4
   Fire: Shortbow          |   121 |   170 |   299 |   184 ||   774
    Use: Scroll            |       |       |    18 |     7 ||    25
         Potion            |       |       |       |     5 ||     5
 Armour: Leather armour    |    30 |       |       |       ||    30
         Scale mail        |       |    22 |       |       ||    22
         Chain mail        |       |    46 |   238 |   167 ||   451
  Dodge: Dodged            |    63 |    35 |   157 |   146 ||   401

Table legend: (Time is in decaauts)
 A = Elapsed time spent in this place.
 B = Non-inter-level travel time spent in this place.
 C = Inter-level travel time spent in this place.
 D = Time resting spent in this place.
 E = Time spent auto-exploring this place.
 F = Levels seen in this place.
 G = Mean time per level.
                   A        B        C        D        E       F      G
               +--------+--------+--------+--------+--------+-----+--------+
         Total |  12078 |  11445 |    633 |      0 |   7584 |  14 |  862.7 |
       Dungeon |  10176 |   9563 |    613 |      0 |   6568 |  10 | 1017.6 |
        Temple |     43 |     25 |     18 |      0 |     19 |   1 |   43.0 |
          Lair |    467 |    467 |      0 |      0 |    374 |   1 |  467.0 |
       Ossuary |    441 |    441 |      0 |      0 |    162 |   1 |  441.0 |
        Bailey |    950 |    950 |      0 |      0 |    460 |   1 |  950.0 |
               +--------+--------+--------+--------+--------+-----+--------+

Top non-repeatable levels by time:
     D:5: 1507 daAuts
    D:10: 1500 daAuts
     D:4: 1122 daAuts
     D:3: 1117 daAuts
  Bailey: 950 daAuts
     D:2: 920 daAuts
     D:9: 872 daAuts
     D:8: 841 daAuts
     D:6: 820 daAuts
     D:1: 803 daAuts
     D:7: 670 daAuts
  Lair:1: 467 daAuts
 Ossuary: 441 daAuts
  Temple: 43 daAuts
